 Dungeon Crawl Stone Soup version 0.32-a0-411-g744942f433 (webtiles) character file.

Game seed: 12691465318509509120

3910 zeratav the Cleaver (level 10, -1/93 HPs)
             Began as a Minotaur Fighter on Feb 21, 2024.
             Was a Follower of Beogh.
             Slain by a deep elf pyromancer
             ... wielding a +0 long sword
              (5 damage)
             ... on level 9 of the Dungeon.
             The game lasted 00:09:00 (8013 turns).

zeratav the Cleaver (Minotaur Fighter)              Turns: 8013, Time: 00:09:01

Health: -1/93      AC: 18    Str: 26    XL:     10   Next: 1%
Magic:  9/9        EV: 11    Int:  5    God:    Beogh [*.....]
Gold:   377        SH:  4    Dex:  9    Spells: 9/9 levels left

rFire   . . .        a - +0 war axe {axe}
rCold   . . .        c - +0 buckler
rNeg    . . .        z - +0 chain mail
rPois   +            (helmet restricted)
rElec   .            G - +2 cloak {Stlth+}
rCorr   .            (no gloves)
SInv    .            q - +1 pair of boots
Will    .....        (no amulet) Stlth
                     h - ring of poison resistance
HPRegen 0.35/turn    I - +4 ring of protection
MPRegen 0.11/turn

%: no passive effects
@: on fire, about to teleport, glowing
A: horns 2, retaliatory headbutt
a: Renounce Religion


You were on level 9 of the Dungeon.
You worshipped Beogh.
Beogh was aware of your devotion.
You visited 1 branch of the dungeon, and saw 9 of its levels.

You collected 377 gold pieces.


Innate Abilities, Weirdness & Mutations

You have a pair of horns on your head.
You reflexively headbutt those who attack you in melee.


   Skills:
 - Level 10.0 Fighting
 - Level 10.0 Axes
 + Level 3.6 Armour
 - Level 10.0 Dodging
 - Level 3.6 Shields


You had 9 spell levels left.
You didn't know any spells.
Your spell library contained the following spells:

 Spells                   Type           Power      Damage    Failure   Level
 Magic Dart               Conj           0%         1d3       97%         1
 Blink                    Tloc           0%         N/A       99%         2
 Call Imp                 Summ           0%         N/A       99%         2
 Sublimation of Blood     Necr           0%         N/A       99%         2
 Hailstorm                Conj/Ice       0%         3d5       100%        3
 Inner Flame              Hex/Fire       0%         N/A       100%        3
 Summon Ice Beast         Ice/Summ       0%         N/A       100%        3
 Flame Wave               Conj/Fire      0%         2d4       100%        4
 Petrify                  Alch/Erth      0%         N/A       100%        4
 Sticky Flame             Fire/Alch      0%         2d4       100%        4
 Irradiate                Conj/Alch      0%         3d11      100%        5
 Sculpt Simulacrum        Ice/Alch       0%         N/A       100%        6

Inventory:

Hand Weapons
 a - a +0 war axe (weapon) {axe}
 l - a +6 battleaxe {axe}
   (You took it off a wight on level 7 of the Dungeon)
 x - a +1 trident of venom {polearm}
   (You took it off a gnoll sergeant on level 5 of the Dungeon)
 y - a +1 hand axe of distortion {!waxe}
   (You took it off an orc on level 5 of the Dungeon)
 C - a +1 hand axe of flaming {axe}
   (You took it off an orc on level 5 of the Dungeon)
 H - a +0 antimagic hand axe {axe}
   (You took it off an orc on level 8 of the Dungeon)
Missiles
 k - 13 poisoned darts (quivered) {throwing}
 m - 5 boomerangs {throwing}
 r - 3 silver javelins {throwing}
 w - 5 atropa-tipped darts {throwing}
Armour
 c - a +0 buckler (worn)
 q - a +1 pair of boots (worn)
   (You found it on level 3 of the Dungeon)
 z - a +0 chain mail (worn)
   (You found it on level 6 of the Dungeon)
 E - a +2 hat
   (You found it on level 8 of the Dungeon)
 G - a +2 cloak of stealth (worn)
   (You found it on level 7 of the Dungeon)
 J - a +2 chain mail of cold resistance
   (You found it on level 8 of the Dungeon)
Jewellery
 h - a ring of poison resistance (left hand)
   (You found it on level 1 of the Dungeon)
 I - a +4 ring of protection (right hand)
   (You found it on level 8 of the Dungeon)
Talismans
 t - a dragon-blood talisman
   (You found it on level 4 of the Dungeon)
Wands
 s - a wand of charming (11)
   (You took it off Ijyb on level 3 of the Dungeon)
 u - a wand of digging (6)
   (You found it on level 4 of the Dungeon)
Scrolls
 e - a scroll of enchant armour
 f - 4 scrolls of fear
 g - 4 scrolls of blinking {!r}
 i - 5 scrolls of teleportation {@r4}
 v - a scroll of enchant weapon
 B - 2 scrolls of amnesia
 F - a scroll of immolation {!r!r}
 L - a scroll of revelation {unknown}
Potions
 b - a potion of enlightenment
 d - 3 potions of might
 j - 2 potions of heal wounds {@q2}
 n - 2 potions of magic {unknown}
 o - 3 potions of curing {unknown}
 p - 2 potions of brilliance {unknown}
 A - a potion of haste {unknown}
 D - a potion of lignification {unknown}
 K - a potion of resistance {unknown}
 M - a potion of mutation {unknown}

Dungeon Overview and Level Annotations

Branches:
Dungeon (9/15) Zot: 26718  Temple (0/1) D:4            Lair (0/5) D:8
    Orc: D:9-12

Altars:
Makhleb
Nemelex Xobeh
Ru
Uskayaw
Xom

Annotations:
D:7 1 runed translucent door, Crazy Yiuf

#.# #.#########.###.##
..# #.# ### ### #.# ##
#.##### ... #.....# ....
#.###.# ..... #.# #.#
.....y######.###.#######
.....yy@e9..............
.....y####.....#.#######
..... ##...##.# ....
##9....# ... #.##### ≈≈
#.# . ##'## ##...##
##.....##


You could see a deep elf pyromancer, a gargoyle and 4 killer bees.


Message History

The deep elf pyromancer gestures wildly while chanting.
There is an open door here.
You close the door.
The deep elf pyromancer gestures wildly while chanting.
The deep elf pyromancer blinks!
The deep elf pyromancer gestures at you while chanting.
The pyre arrow misses you.
A killer bee comes into view.
The killer bee buzzes angrily.
You hear an angry buzzing noise. x2
A killer bee comes into view. x3
A killer bee comes into view.
The killer bee buzzes angrily.
A killer bee comes into view.
The killer bee stings you.
The killer bee moves out of view.
HP[-4]
You take 4 damage, and now have 81/85 hp.
You slice the killer bee!!
You kill the killer bee!
Beogh accepts your kill.
The killer bee stings you but does no damage.
You have reached level 10!
HP[+8] MP[+1]
You now have 93 max hp (+8).
You regained 8 hp, and now have 89/93 hp.
Your mp is fully restored (9).
You miss the killer bee. Your headbutt misses the killer bee.
The killer bee closely misses you. x2
You miss the killer bee. Your headbutt misses the killer bee.
You miss the deep elf pyromancer. You block the killer bee's attack.
The deep elf pyromancer hits you but does no damage.
The killer bee stings you but does no damage.
HP[+1]
You miss the killer bee.
You hit the deep elf pyromancer but do no damage.
The killer bee closely misses you.
The deep elf pyromancer hits you with a +0 long sword.
You block the killer bee's attack.
HP[-1]
You take 1 damage, and now have 89/93 hp.
Unknown command.
You completely miss the killer bee. You miss the deep elf pyromancer.
The killer bee stings you but does no damage.
The deep elf pyromancer points at you and mumbles some strange words.
The pyre arrow hits you.
You are covered in intense liquid fire!
The killer bee stings you but does no damage.
The deep elf pyromancer casts a spell at you.
The pyre arrow misses you.
The pyre arrow hits the killer bee.
You slash the killer bee! You hit the deep elf pyromancer.
The liquid fire burns you!
The killer bee burns!
The killer bee stings you!
The killer bee stings you but does no damage.
The deep elf pyromancer hits you but does no damage.
HP[-19]
You take 19 damage, and now have 70/93 hp.
MASSIVE DAMAGE!! (PAUSE)
You hit the killer bee.
You barely miss the deep elf pyromancer.
The liquid fire burns you!
The killer bee burns!
The killer bee dies!
The killer bee stings you but does no damage.
The deep elf pyromancer points at you and mumbles some strange words.
The pyre arrow hits you.
You are even more covered in intense liquid fire!
Training target 10.0 for Dodging reached!
Your Dodging skill increases to level 10!
You need to enable at least one skill for training.
HP[-15]
You take 15 damage, and now have 55/93 hp.
You miss the killer bee.
You hit the deep elf pyromancer but do no damage.
The liquid fire burns you!
* * * LOW HITPOINT WARNING * * *
The killer bee stings you but does no damage.
The killer bee stings you.
* * * LOW HITPOINT WARNING * * *
The deep elf pyromancer hits you but does no damage.
HP[-16]
You take 16 damage, and now have 39/93 hp.
You hit the killer bee but do no damage.
You hit the deep elf pyromancer but do no damage.
The liquid fire burns you!
* * * LOW HITPOINT WARNING * * *
The killer bee stings you but does no damage.
The killer bee stings you.
* * * LOW HITPOINT WARNING * * *
The deep elf pyromancer hits you with a +0 long sword!
* * * LOW HITPOINT WARNING * * *
HP[-26]
You take 26 damage, and now have 13/93 hp.
MASSIVE DAMAGE!! (PAUSE)
As you read the scroll of teleportation {@r4}, it crumbles to dust.
You feel strangely unstable. The liquid fire burns you!
* * * LOW HITPOINT WARNING * * *
You block the killer bee's attack.
The killer bee stings you but does no damage.
The deep elf pyromancer hits you with a +0 long sword.
You die...

Skill      XL: |  1  2  3  4  5  6  7  8  9 10 |
---------------+-------------------------------+-----
Axes           | 3 4 5 6 7 9 10 | 10.0
Fighting       | 6 10 | 10.0
Dodging        | 3 9 10 | 10.0
Armour         | |  3.6
Shields        | |  3.6

Action                     |  1- 3 |  4- 6 |  7- 9 | 10-12 || total
---------------------------+-------+-------+-------+-------++-------
  Melee: War axe           |    61 |   122 |   308 |     8 ||   499
         Headbutt          |     9 |    20 |    61 |       ||    90
 Invoke: Convert to Beogh  |       |       |     1 |       ||     1
    Use: Potion            |       |       |     1 |       ||     1
         Scroll            |       |       |    10 |     1 ||    11
   Stab: Paralysed         |       |       |     1 |       ||     1
 Armour: Scale mail        |    36 |   103 |    60 |       ||   199
         Chain mail        |       |       |   218 |    17 ||   235
  Dodge: Dodged            |    28 |    66 |   135 |     4 ||   233
  Block: Buckler           |     9 |    18 |    71 |     3 ||   101

Levels and vault maps discovered:
D:1:      scummos_arrival_star, layout_loops_corners,
          shapermc_ecumenical_altar_ellora, minmay_heptomino_o4
D:2:      minmay_evil_eye, layout_basic, basic_altar
D:3:      layout_basic, nicolae_uskayaw_murder_on_the_dancefloor,
          guppyfry_early_orc_mine
D:4:      layout_layer_cave, temple_green, kennysheep_generic_room_16, uniq_ijyb
D:5:      layout_loops_ring
D:6:      layout_rooms
D:7:      layout_basic, nicolae_overflow_hidden_temple,
          mainiacjoe_overflow_six_doors_small, uniq_crazy_yiuf_cottage
D:8:      cheibrodos_helix_gallery, layout_basic,
          grunt_temple_overflow_champion_of_chaos, lair_entry_dummy
D:9:      layout_loops_corners, general_overflow_altar,
          chequers_temple_overflow_statue_of_worship,
          nicolae_ru_great_annihilating_truth,
          mainiacjoe_overflow_catch_the_wave, st_stairs_5,
          minmay_misc_feat_encased

Notes
Turn   | Place    | Note
-------+----------+-------------------------------------------
     0 | D:1      | zeratav the Minotaur Fighter began the quest for the Orb.
     0 | D:1      | Reached XP level 1. HP: 19/19 MP: 0/0
     0 | D:1      | magus.rc [v1.9.6]
    54 | D:1      | Reached skill level 3 in Axes
   129 | D:1      | Reached XP level 2. HP: 17/26 MP: 1/1
   245 | D:1      | Found a faded altar of an unknown god.
   295 | D:1      | Reached skill level 4 in Axes
   598 | D:1      | Reached XP level 3. HP: 31/31 MP: 2/2
  1080 | D:2      | Reached skill level 5 in Axes
  1085 | D:2      | Found a shimmering altar of Xom.
  1093 | D:2      | Reached XP level 4. HP: 39/39 MP: 3/3
  1736 | D:3      | Found a hide-covered altar of Uskayaw.
  1852 | D:3      | Reached skill level 6 in Axes
  1968 | D:3      | You pick up a book of the Tundra and begin reading...
  1968 | D:3      | You add the spells Hailstorm, Summon Ice Beast and Sculpt
                  | Simulacrum to your library.
  2236 | D:3      | Reached XP level 5. HP: 42/45 MP: 4/4
  2338 | D:4      | Noticed Ijyb
  2351 | D:3      | Killed Ijyb
  2355 | D:3      | Reached skill level 7 in Axes
  2453 | D:4      | You pick up a book of Minor Magic and begin reading...
  2453 | D:4      | You add the spells Magic Dart, Blink and Call Imp to your
                  | library.
  2517 | D:4      | Reached XP level 6. HP: 45/51 MP: 5/5
  2631 | D:4      | Noticed an ice beast
  2640 | D:4      | Killed an ice beast
  2641 | D:4      | Reached skill level 8 in Axes
  2718 | D:4      | Found a staircase to the Ecumenical Temple.
  2902 | D:4      | Reached skill level 9 in Axes
  3096 | D:4      | Reached XP level 7. HP: 57/57 MP: 6/6
  3399 | D:5      | Entered Level 5 of the Dungeon
  3417 | D:5      | Reached skill level 10 in Axes
  3471 | D:5      | Reached skill level 4 in Fighting
  3512 | D:5      | Reached skill level 5 in Fighting
  3655 | D:5      | You fall into a shaft and drop 2 floors!
  3710 | D:6      | Reached skill level 6 in Fighting
  3710 | D:6      | Reached XP level 8. HP: 71/71 MP: 7/7
  3754 | D:6      | Identified the +3 morningstar "Zuyfu" {drain, Str-4 Dex+5}
  3843 | D:6      | Reached skill level 7 in Fighting
  4599 | D:5      | Reached skill level 8 in Fighting
  4915 | D:6      | Became a worshipper of Beogh the Shepherd
  5211 | D:7      | Reached skill level 9 in Fighting
  5221 | D:7      | HP: 19/79 [poisoned by a killer bee]
  5222 | D:7      | HP: 6/79 [gnoll/+0 halberd[a gnoll sergeant] (7)]
  5223 | D:7      | Reached skill level 10 in Fighting
  5223 | D:7      | Reached skill level 1 in Dodging
  5230 | D:6      | HP: 19/79 [poisoned by a killer bee]
  5428 | D:7      | Reached skill level 2 in Dodging
  5578 | D:7      | Reached skill level 3 in Dodging
  5582 | D:7      | Reached XP level 9. HP: 82/85 MP: 8/8
  5583 | D:7      | Reached * piety under Beogh
  5658 | D:7      | Reached skill level 4 in Dodging
  5763 | D:7      | Found a runed translucent door.
  5764 | D:7      | Noticed Crazy Yiuf
  5792 | D:7      | Found a sparkling altar of Nemelex Xobeh.
  5924 | D:7      | Reached skill level 5 in Dodging
  6565 | D:8      | Reached skill level 6 in Dodging
  6649 | D:8      | Reached skill level 7 in Dodging
  6852 | D:8      | You pick up a book of Flames and begin reading...
  6852 | D:8      | You add the spells Inner Flame, Sticky Flame and Flame Wave
                  | to your library.
  7166 | D:8      | Found a staircase to the Lair.
  7380 | D:8      | Found a burning altar of Makhleb.
  7380 | D:8      | Found a shimmering altar of Xom.
  7479 | D:8      | Reached skill level 8 in Dodging
  7515 | D:8      | You pick up a book of Transmutation and begin reading...
  7515 | D:8      | You add the spells Sublimation of Blood, Petrify and
                  | Irradiate to your library.
  7733 | D:9      | Noticed a two-headed ogre
  7740 | D:9      | Killed a two-headed ogre
  7741 | D:9      | Reached skill level 9 in Dodging
  7822 | D:9      | Found a sacrificial altar of Ru.
  7986 | D:9      | Noticed a deep elf pyromancer
  7986 | D:9      | Noticed a gargoyle
  8005 | D:9      | Reached XP level 10. HP: 89/93 MP: 9/9
  8011 | D:9      | Reached skill level 10 in Dodging
  8012 | D:9      | HP: 20/93 [killer bee (5)]
  8013 | D:9      | HP: 4/93 [burnt (9)]
  8013 | D:9      | Slain by a deep elf pyromancer

Vanquished Creatures
  A two-headed ogre (D:9)
  A hornet (D:9)
  2 water moccasins
  3 ice beasts
  2 orc warriors
  2 centaurs
  A phantom (D:4)
  2 gnoll sergeants
  3 scorpions
  3 bullfrogs
  3 wights (D:7)
  6 killer bees
  An electric eel (D:8)
  3 howler monkeys (D:7)
  A crimson imp (D:8)
  A gnoll bouda (D:8)
  2 orc priests
  4 hounds
  A jelly (D:4)
  5 iguanas
  A sleepcap (D:6)
  Ijyb (D:3)
  2 orc wizards (D:7)
  24 gnolls
  8 adders
  A shadow imp (D:8)
  2 white imps (D:5)
  A ribbon worm (D:5)
  33 orcs
  7 ball pythons
  9 endoplasms
  4 giant cockroaches
  10 goblins
  8 hobgoblins
  10 jackals
  5 quokkas
  7 bats
  8 frilled lizards
  7 kobolds
  6 rats
201 creatures vanquished.

Vanquished Creatures (others)
  A killer bee (D:9)
  2 orcs (D:8)
3 creatures vanquished.

Grand Total: 204 creatures vanquished

Table legend:
 A = Non-vault XP
 B = Vault XP
 C = Vault XP percentage of total XP
 D = Non-vault monster count
 E = Vault monster count
 F = Vault count percentage of total count
                 A         B        C        D         E       F
            +---------+---------+-------+---------+---------+-------
      Total |    5391 |     196 |   3.5 |     181 |      23 |  11.3
            +---------+---------+-------+---------+---------+-------
        D:1 |      58 |      11 |  15.9 |      23 |       4 |  14.8
        D:2 |      68 |       9 |  11.7 |      21 |       4 |  16.0
        D:3 |     109 |      59 |  35.1 |      11 |       8 |  42.1
        D:4 |     498 |      14 |   2.7 |      26 |       1 |   3.7
        D:5 |     549 |       0 |   0.0 |      33 |       0 |   0.0
        D:6 |     564 |       0 |   0.0 |      17 |       0 |   0.0
        D:7 |    1485 |       0 |   0.0 |      31 |       0 |   0.0
        D:8 |     852 |      95 |  10.0 |      15 |       3 |  16.7
        D:9 |    1208 |       8 |   0.7 |       4 |       3 |  42.9
            +---------+---------+-------+---------+---------+-------

Skill      XL: |  1  2  3  4  5  6  7  8  9 10 |
---------------+-------------------------------+-----
Axes           | 3 4 5 6 7 9 10 | 10.0
Fighting       | 6 10 | 10.0
Dodging        | 3 9 10 | 10.0
Armour         | |  3.6
Shields        | |  3.6

Action                     |  1- 3 |  4- 6 |  7- 9 | 10-12 || total
---------------------------+-------+-------+-------+-------++-------
  Melee: War axe           |    61 |   122 |   308 |     8 ||   499
         Headbutt          |     9 |    20 |    61 |       ||    90
 Invoke: Convert to Beogh  |       |       |     1 |       ||     1
    Use: Potion            |       |       |     1 |       ||     1
         Scroll            |       |       |    10 |     1 ||    11
   Stab: Paralysed         |       |       |     1 |       ||     1
 Armour: Scale mail        |    36 |   103 |    60 |       ||   199
         Chain mail        |       |       |   218 |    17 ||   235
  Dodge: Dodged            |    28 |    66 |   135 |     4 ||   233
  Block: Buckler           |     9 |    18 |    71 |     3 ||   101

Illustrated notes

Table legend:
 A = Kills in this place as a percentage of kills in the entire game.
 B = Kills by you in this place as a percentage of kills by you in the entire game.
 C = Kills by friends in this place as a percentage of kills by friends in the entire game.
 D = Other kills in this place as a percentage of other kills in the entire game.
 E = Experience gained in this place as a percentage of experience gained in the entire game.
 F = Experience gained in this place divided by the number of levels of this place that you have seen.
                   A       B       C       D       E      F
               +-------+-------+-------+-------+-------+----------------------
         Total | 100.0 | 100.0 |   N/A | 100.0 | 100.0 | 620.8
       Dungeon | 100.0 | 100.0 |   N/A | 100.0 | 100.0 | 620.8
               +-------+-------+-------+-------+-------+----------------------

Table legend: (Time is in decaauts)
 A = Elapsed time spent in this place.
 B = Non-inter-level travel time spent in this place.
 C = Inter-level travel time spent in this place.
 D = Time resting spent in this place.
 E = Time spent auto-exploring this place.
 F = Levels seen in this place.
 G = Mean time per level.
                   A        B        C        D        E       F      G
               +--------+--------+--------+--------+--------+-----+--------+
         Total |   8064 |   7720 |    344 |   1041 |   5562 |   9 |  896.0 |
       Dungeon |   8064 |   7720 |    344 |   1041 |   5562 |   9 |  896.0 |
               +--------+--------+--------+--------+--------+-----+--------+

Top non-repeatable levels by time:
     D:8: 1209 daAuts
     D:5: 1193 daAuts
     D:7: 1143 daAuts
     D:1: 1048 daAuts
     D:4: 981 daAuts
     D:3: 892 daAuts
     D:6: 794 daAuts
     D:2: 520 daAuts
     D:9: 280 daAuts
